 Dungeon Crawl Stone Soup version 0.20.0-8-g6b59dc7 (webtiles) character file.

3005 Kosschaser the Covert (level 9, -2/49 HPs)
             Began as a Deep Elf Enchanter on June 2, 2017.
             Was a Priest of Dithmenos.
             Shot with an arrow by a centaur (11 damage)
             ... on level 9 of the Dungeon.
             The game lasted 00:45:35 (8061 turns).

Kosschaser the Covert (Deep Elf Enchanter)          Turns: 8061, Time: 00:45:36

Health: -2/49      AC:  8    Str:  5    XL:     9   Next: 54%
Magic:  4/23       EV: 14    Int: 21    God:    Dithmenos [***...]
Gold:   370        SH:  0    Dex: 18    Spells: 12/24 levels left

rFire    + . .     SeeInvis +   F - +4 dagger
rCold    + . .     Gourm    .   (no shield)
rNeg     + . .     Faith    .   q - +2 robe
rPois    .         Spirit   .   k - +1 hat
rElec    .         Reflect  .   m - scarf {rC+ rF+}
rCorr    .         Harm     .   (no gloves)
MR       .....                  o - +2 pair of boots
Stlth    ++++++....             (no amulet)
Regen    0.2/turn               f - ring of see invisible
MPRegen  0.2/turn               a - ring of positive energy

@: about to teleport, wreathed by umbra
A: no striking features
a: Shadow Step, Renounce Religion


You were on level 9 of the Dungeon.
You worshipped Dithmenos.
Dithmenos was most pleased with you.
You were not hungry.

You visited 2 branches of the dungeon, and saw 11 of its levels.

You collected 445 gold pieces.
You spent 75 gold pieces at shops.

Inventory:

Hand Weapons
 e - a +0 rapier
 F - a +4 dagger (weapon)
Armour
 k - a +1 hat (worn)
 m - a scarf of resistance (worn)
 o - a +2 pair of boots (worn)
 q - a +2 robe (worn)
Jewellery
 a - a ring of positive energy (right hand)
 f - a ring of see invisible (left hand)
 H - an uncursed ring of wizardry {unknown}
Wands
 u - a wand of acid (10/15)
 y - a wand of disintegration (14/24)
Scrolls
 b - a scroll of amnesia
 g - 2 scrolls of teleportation
 l - 4 scrolls of enchant armour
 n - a scroll of magic mapping {unknown}
 s - a scroll of remove curse
 t - a scroll of recharging
 w - 2 scrolls of acquirement {unknown}
 x - 2 scrolls of random uselessness {unknown}
 E - a scroll of brand weapon {unknown}
 G - a scroll of fog {unknown}
Potions
 h - a potion of invisibility
 i - 3 potions of mutation {unknown}
 j - 6 potions of curing
 z - 2 potions of degeneration {unknown}
 B - a potion of lignification {unknown}
 D - a potion of heal wounds
Books
 c - a book of Maledictions

   Spells                             Type                      Level
   a - Corona                         Hexes                        1
   b - Ensorcelled Hibernation        Hexes/Ice                    2
   c - Confuse                        Hexes                        3
   d - Tukima's Dance                 Hexes                        3
   e - Dazzling Spray                 Conjuration/Hexes            3
 C - a book of Battle

   Spells                             Type                      Level
   a - Infusion                       Charms                       1
   b - Shroud of Golubria             Charms/Translocation         2
   c - Song of Slaying                Charms                       2
   d - Spectral Weapon                Hexes/Charms                 3
   e - Regeneration                   Charms/Necromancy            3
Comestibles
 d - 12 bread rations
 p - 3 fruits
 r - 2 royal jellies
 v - a meat ration
 A - 7 chunks of flesh


   Skills:
 + Level 2.3 Fighting
 + Level 5.1 Short Blades
 + Level 4.0 Dodging
 + Level 10.6 Stealth
 + Level 8.0 Spellcasting
 + Level 1.0 Conjurations
 + Level 7.5 Hexes
 + Level 4.0 Ice Magic


You had 12 spell levels left.
You knew the following spells:

 Your Spells              Type           Power        Failure   Level  Hunger
a - Corona                Hex            #####..      1%          1    None
b - Ensorcelled Hibernat  Hex/Ice        ####..       1%          2    None
c - Confuse               Hex            #####...     1%          3    None
d - Dazzling Spray        Conj/Hex       ####..       4%          3    None
e - Tukima's Dance        Hex            #####...     1%          3    None


Dungeon Overview and Level Annotations

Branches:
Dungeon (10/15)            Temple (1/1) D:5            Lair (0/6) D:10
    Orc: D:9-12

Altars:
Ashenzari
Dithmenos
Elyvilon
Fedhas
Hepliaklqana
Kikubaaqudgha
Makhleb
Nemelex Xobeh
Okawaru
Ru
Sif Muna
Uskayaw
Vehumet
Xom
Zin
The Shining One

Shops:
D:5 :   D:6 !}=%   D:7 =

Portals:
Bailey: D:9


Message History

a spear; a gnoll corpse You barely miss the howler monkey.
The howler monkey is moderately wounded.
The howler monkey barely misses you.
You hit the ice beast.
The ice beast is lightly wounded.
The howler monkey hits you.
The centaur wields a shortbow.
The centaur shoots an arrow.
The arrow barely misses you. The howler monkey misses you.
The centaur shoots an arrow.
The arrow misses you.
The centaur shoots an arrow.
The arrow completely misses you.
The centaur shoots an arrow.
The arrow hits you. The howler monkey hits you.
A hungry ghost comes into view.
You see here an arrow.
As you read the scroll of teleportation, it crumbles to dust.
You feel strangely unstable.
The centaur shoots an arrow.
The arrow hits you. The howler monkey hits you.
* * * LOW HITPOINT WARNING * * *
The centaur shoots an arrow.
The arrow hits you!
You die...

# .# #########..#
#######.###########..#
.....................#
.W..................#
#....Y.............#
#..................#
##########..................#
≈≈≈≈≈≈≈≈≈≈≈≈)...............#
#.......###≈..h(@...........#
######### #≈...############.#
#≈)..# #######.# #.≈......
........#
#.c................#
##.≈##..###########.#
#∩.≈##.)###########.#
##.≈##..............#
#.≈.........((.).).#


You could see a hungry ghost (wandering), an ice beast (confused), a centaur and
a howler monkey.

Vanquished Creatures
  Eustachio (D:5)
  A steam dragon (D:7)
  A porcupine (D:10)
  2 orc warriors (D:9)
  2 ice beasts
  2 sky beasts
  2 phantoms
  2 ogres (D:6)
  3 centaurs
  5 bullfrogs
  A scorpion (D:9)
  A howler monkey (D:9)
  2 bullfrog zombies
  A crimson imp (D:6)
  2 jellies
  3 hounds
  8 orc wizards
  4 orc priests
  A centaur skeleton (D:4)
  An iron imp (D:9)
  2 iguanas
  Jessica (D:3)
  4 worker ants
  3 hound zombies
  A hound skeleton (D:5)
  10 adders
  5 gnolls
  An ooze (D:3)
  2 adder skeletons (D:4)
  2 adder zombies
  2 dart slugs
  4 leopard geckos
  22 orcs
  A giant cockroach (D:3)
  15 goblins
  7 hobgoblins
  15 jackals
  5 kobolds
  5 quokkas
  6 ball pythons
  4 bats
  6 frilled lizards
  A goblin skeleton (D:9)
  A hobgoblin zombie (D:9)
  A kobold skeleton (D:9)
  2 kobold zombies (D:9)
  A leopard gecko skeleton (D:7)
  4 orc zombies (D:9)
  5 rats
183 creatures vanquished.

Vanquished Creatures (collateral kills)
  2 gnolls (D:9)
  An orc (D:9)
  A goblin (D:9)
4 creatures vanquished.

Vanquished Creatures (others)
  5 dancing weapons
5 creatures vanquished.

Grand Total: 192 creatures vanquished

Notes
Turn   | Place    | Note
-------+----------+-------------------------------------------
     0 | D:1      | Kosschaser the Deep Elf Enchanter began the quest for the Orb.
     0 | D:1      | Reached XP level 1. HP: 10/10 MP: 6/6
   481 | D:1      | Reached skill level 4 in Stealth
   481 | D:1      | Reached XP level 2. HP: 15/15 MP: 8/8
   487 | D:1      | Learned a level 2 spell: Ensorcelled Hibernation
  1601 | D:2      | Reached XP level 3. HP: 11/19 MP: 1/9
  2148 | D:2      | Reached skill level 5 in Stealth
  2313 | D:3      | Noticed Jessica
  2319 | D:3      | Killed Jessica
  2319 | D:3      | Reached XP level 4. HP: 24/24 MP: 8/11
  2366 | D:3      | Found an iron altar of Okawaru.
  2380 | D:3      | Learned a level 3 spell: Confuse
  2650 | D:3      | Reached skill level 1 in Ice Magic
  2981 | D:3      | Learned a level 3 spell: Dazzling Spray
  3039 | D:3      | Reached XP level 5. HP: 28/28 MP: 9/12
  3130 | D:4      | Found a shattered altar of Ashenzari.
  3544 | D:4      | Found a sparkling altar of Nemelex Xobeh.
  3812 | D:4      | Reached skill level 6 in Stealth
  3812 | D:4      | Reached XP level 6. HP: 31/33 MP: 14/14
  3953 | D:5      | Entered Level 5 of the Dungeon
  4017 | D:5      | Found a radiant altar of Vehumet.
  4152 | D:5      | Found a staircase to the Ecumenical Temple.
  4276 | Temple   | Entered the Ecumenical Temple
  4284 | Temple   | Became a worshipper of Dithmenos the Shadowed
  4319 | D:5      | Noticed Eustachio
  4320 | D:5      | Found Woofo's Book Boutique.
  4324 | D:5      | Killed Eustachio
  4343 | D:5      | Reached skill level 7 in Stealth
  4459 | D:5      | Noticed a sky beast
  4551 | D:5      | Killed a sky beast
  4551 | D:5      | Reached XP level 7. HP: 34/37 MP: 5/15
  4742 | D:6      | Learned a level 3 spell: Tukima's Dance
  4749 | D:5      | Reached skill level 5 in Hexes
  5070 | D:6      | Found Fagiaczu's Jewellery Boutique.
  5115 | D:6      | Reached skill level 1 in Fighting
  5449 | D:7      | Reached skill level 8 in Stealth
  5449 | D:7      | Reached skill level 5 in Spellcasting
  5512 | D:7      | Found Unewas's Jewellery Shoppe.
  5531 | D:7      | Reached * piety under Dithmenos
  5531 | D:7      | Reached XP level 8. HP: 41/43 MP: 16/18
  5673 | D:7      | Reached skill level 9 in Stealth
  5783 | D:7      | Found a burning altar of Makhleb.
  5804 | D:7      | Found a white marble altar of Elyvilon.
  5883 | D:7      | Found a hazy altar of Hepliaklqana.
  6486 | D:6      | Found Diyshaz's Distillery.
  6505 | D:6      | Bought a potion of heal wounds for 75 gold pieces
  6512 | D:6      | Found a glowing silver altar of Zin.
  6563 | D:6      | Found Edghusu's Gadget Shop.
  7048 | D:6      | Reached ** piety under Dithmenos
  7128 | D:6      | Found Muin Pothra's Food Shop.
  7228 | D:6      | Reached XP level 9. HP: 48/48 MP: 21/21
  7469 | D:8      | You fall through a shaft for 2 floors!
  7469 | D:10     | Entered Level 10 of the Dungeon
  7469 | D:10     | Found a staircase to the Lair.
  7472 | D:10     | Reached skill level 10 in Stealth
  7472 | D:10     | Reached skill level 1 in Conjurations
  7552 | D:9      | Found a glowing golden altar of the Shining One.
  7833 | D:9      | Reached skill level 5 in Short Blades
  7856 | D:9      | Reached *** piety under Dithmenos
  7948 | D:9      | Found a flagged portal.
  8061 | D:9      | Shot with an arrow by a centaur

Skill      XL: |  1  2  3  4  5  6  7  8  9 |
---------------+----------------------------+-----
Stealth        | 4 5 6 7 8 9 10 | 10.6
Dodging        | 3 4 |  4.0
Ice Magic      | 1 2 3 4 |  4.0
Spellcasting   | 4 5 6 8 |  8.0
Short Blades   | 2 3 4 5 |  5.1
Hexes          | 5 6 7 |  7.5
Fighting       | 1 2 |  2.3
Conjurations   | 1 |  1.0

Action                   |  1- 3 |  4- 6 |  7- 9 || total
-------------------------+-------+-------+-------++-------
Melee: Short sword       |    93 |     8 |       ||   101
       Dagger            |    11 |       |   160 ||   171
       Rapier            |       |   107 |   136 ||   243
 Cast: Ensorcelled Hiber |    30 |    29 |    52 ||   111
       Dazzling Spray    |       |     6 |    19 ||    25
       Confuse           |       |     4 |    30 ||    34
       Tukima's Dance    |       |       |    10 ||    10
       Corona            |       |       |     1 ||     1
  Use: Scroll            |       |     5 |     4 ||     9
 Stab: Sleeping          |    25 |    25 |    44 ||    94
       Confused          |       |     5 |     9 ||    14
       Distracted        |       |     1 |       ||     1
       Invisible         |       |     2 |     7 ||     9
  Eat: Chunk             |     5 |     9 |    13 ||    27
Armor: Robe              |    32 |    41 |    63 ||   136
Dodge: Dodged            |    79 |    74 |   242 ||   395
